AoeStats
← TheQuietRiot

Arabia

507932438Analyzed
1v1 RM · 12d ago on Sep 20, 2026· 39m 35s· 2 players
Game mode
Random Map
Map size
Tiny (2 player)
Population
200
Speed
Normal
Resources
Standard
Victory
Conquest
Starting age
Dark Age
Ending age
Imperial Age
RankedLock teamsTeams togetherTeam positionsShared explorationLock speedFull tech treeHidden civsTurbo modeCheats
Victory
Defeat
🇬🇧 Teutons · United Kingdom
1017
+15
🇮🇹 Georgians · Italy
985
-15
TheQuietRiot
10:42 Feudal Age
8:58 Loom
11:11 Double-Bit Axe
19:22 Castle Age
19:58 Bloodlines
20:21 Forging
22:37 Bow Saw
22:09 Horse Collar
22:47 Pikeman
23:29 Squires
25:43 Stone Mining
26:16 Gold Mining
29:01 Wheelbarrow
31:11 Iron Casting
33:07 Scale Mail Armor
33:40 Heavy Plow
35:29 Hand Cart
36:14 Stone Shaft Mining
39:43 Chain Mail Armor
LiberoAssassino
4:58 Loom
10:43 Feudal Age
11:27 Double-Bit Axe
13:46 Horse Collar
17:09 Scale Barding Armor
18:44 Forging
19:33 Bloodlines
20:40 Scale Mail Armor
24:33 Castle Age
26:36 Bow Saw
27:09 Pikeman
27:50 Squires
28:44 Stone Mining
29:06 Heavy Plow
29:28 Husbandry
30:54 Iron Casting
30:20 Gold Mining
32:45 Wheelbarrow
31:55 Town Watch
32:56 Stone Shaft Mining
33:25 Chain Barding Armor
33:28 Chain Mail Armor
38:51 Imperial Age
36:22 Town Patrol
36:41 Fletching
37:52 Masonry
38:02 Bodkin Arrow
40:30 Plate Barding Armor
40:56 Blast Furnace
Connection lost

Rejoining the realm…

Still unreachable

The connection could not be restored.

Session expired

The server has moved on; the page needs a fresh start.